 Dungeon Crawl Stone Soup version 0.30.1-1-g62c8e00024 (webtiles) character file.

Game seed: 2106476209100041965

84 growler the Magician (level 4, 30/31 HPs)
             Began as a Djinni Hedge Wizard on July 14, 2023.
             Quit the game on level 3 of the Dungeon.
             The game lasted 00:05:22 (2632 turns).

growler the Magician (Djinni Hedge Wizard)          Turns: 2632, Time: 00:05:22

Health: 30/31      AC:  2    Str:  9    XL:     4   Next: 74%
Gold:   153        EV: 12    Int: 17    God:
                   SH:  0    Dex: 13

rFire   + + .        a - +0 dagger
rCold   x . .        (no shield)
rNeg    . . .        b - +0 robe
rPois   ∞            c - +0 hat
rElec   .            (no cloak)
rCorr   .            (no gloves)
SInv    .            (boots unavailable)
Will    .....        (no amulet)
Stlth   ++           (no ring)
HPRegen 0.25/turn    (no ring)
MPRegen 0.00/turn

%: no passive effects
@: flying
A: sickness immunity, fire resistance 2, cold vulnerability 1, float, innate
caster, HP casting, extra vitality 1
a: no special abilities


You were on level 3 of the Dungeon.
You visited 1 branch of the dungeon, and saw 3 of its levels.

You collected 153 gold pieces.

Inventory:

Hand Weapons
 a - a +0 dagger (weapon)
Armour
 b - a +0 robe (worn)
 c - a +0 hat (worn)
Scrolls
 f - a scroll of fear {unknown}
 h - a scroll of teleportation {unknown}
 k - 3 scrolls of identify {unknown}
 l - a scroll of enchant armour {unknown}
 m - a scroll of magic mapping {unknown}
 n - a scroll of noise {unknown}
Potions
 d - a potion of curing {unknown}
 e - 2 potions of flight {unknown}
 g - a potion of might {unknown}
 i - a potion of heal wounds {unknown}
 j - a potion of attraction {unknown}


   Skills:
 - Level 2.6 Dodging
 - Level 2.0 Stealth
 + Level 3.6 Spellcasting


You knew the following spells:

 Your Spells              Type           Power      Damage    Failure   Level
a - Magic Dart            Conj           60%        1d6       3%          1
b - Slow                  Hex            60%        N/A       3%          1
c - Blink                 Tloc           30%        N/A       5%          2
d - Call Imp              Summ           30%        N/A       5%          2
e - Mephitic Cloud        Conj/Pois/Air  15%        N/A       11%         3
f - Apportation           Tloc           30%        N/A       3%          1
Your spell library was empty.

Dungeon Overview and Level Annotations

Branches:
Dungeon (3/15)

Altars:
Okawaru

Annotations:
D:3 Sigmund


Innate Abilities, Weirdness & Mutations

You are immune to sickness and miasma.
You are immune to poison.
Your flesh is very heat resistant. (rF++)
You are vulnerable to cold. (rC-)
You float through the air rather than walking.
You learn spells naturally, not from books.
Your magical power is your life essence.
You have superior vitality. (+4 MHP)


Message History

You see here an adder corpse.
k - 3 scrolls labelled TAFI OXUGIPP (gained 1)
Found a club.
You now have 153 gold pieces (gained 8).
A worm comes into view.
Found an escape hatch in the ceiling.
The magic dart hits the worm.
The worm is moderately wounded.
The magic dart hits the worm.
The worm is heavily wounded.
The magic dart hits the worm.
The worm is heavily wounded.
The magic dart hits the worm but does no damage.
The worm is heavily wounded.
The magic dart hits the worm.
The worm is heavily wounded.
The magic dart hits the worm.
The worm is severely wounded.
The magic dart hits the worm.
The worm is severely wounded.
The magic dart hits the worm.
The worm is severely wounded.
The magic dart hits the worm.
The worm is almost dead.
The magic dart hits the worm but does no damage.
The worm is almost dead.
The magic dart hits the worm.
You kill the worm!
You see here a worm corpse.
Sigmund the Dreaded comes into view.
He is wielding a +0 scythe and carrying a wand of flame (7).
Sigmund shouts!
Sigmund zaps a wand.
The puff of flame hits you. You resist.
There is an escape hatch in the ceiling here.
You see here a worm corpse.
Sigmund gestures at you while chanting. The magic dart hits you.
Level annotation: Sigmund Welcome back, growler the Djinni Hedge Wizard.
Press ? for a list of commands and other information.
Are you sure you want to abandon this character and quit the game? (Confirm with "yes".)

################
#..............# ###
#.############.# #.. #.#
#######.### #.# #.#
..........##### #.# #.#
#######.......### #.# #.#
######.#.....# #.# #.#
#...†..>.###.####.# ###.###
#.@......# #......# #.....##
##.####.#.###.......
#......#.###...###.#.....######
#.)....#...........#†#.###
#......#####...#####.#.#
#.....#######.## #.#.#
#.....@.......######.#.#####
#.###.#######.##............
#.# #.# #.##.#.#.#.#####


There were no monsters in sight!

Vanquished Creatures
  3 adders
  3 worms
  2 dart slugs
  7 endoplasms
  2 giant cockroaches
  3 goblins (D:1)
  4 hobgoblins
  3 quokkas
  6 ball pythons
  2 bats
  4 frilled lizards
  3 kobolds
  4 rats
46 creatures vanquished.

Notes
Turn   | Place    | Note
-------+----------+-------------------------------------------
     0 | D:1      | growler the Djinni Hedge Wizard began the quest for the
                  | Orb.
     0 | D:1      | growler set off with the following spells memorised: Magic
                  | Dart, Slow, Blink, Call Imp, Mephitic Cloud.
     0 | D:1      | Reached XP level 1. HP: 15/15 MP: 0/0
   151 | D:1      | Reached XP level 2. HP: 14/21 MP: 0/0
   701 | D:1      | Reached XP level 3. HP: 23/25 MP: 0/0
   701 | D:1      | Learned a level 1 spell: Apportation
  1303 | D:2      | Reached skill level 3 in Spellcasting
  1798 | D:2      | Reached XP level 4. HP: 22/31 MP: 0/0
  2264 | D:2      | Found a faded altar of an unknown god.
  2354 | D:3      | Found an iron altar of Okawaru.
  2613 | D:3      | Noticed Sigmund
  2632 | D:3      | Quit the game

Illustrated notes

Levels and vault maps discovered:
D:1:      mrwooster_arrival_statue_2, layout_loops_corners, hex_tiny,
          chequers_serial_rivers_marsh, fountainhead, minmay_tromino_v4_c
D:2:      layout_basic, shapermc_ecumenical_altar_rom_forum,
          minmay_misc_feat_secret_circle
D:3:      layout_loops_ring, mainiacjoe_overflow_six_doors_small,
          lemuel_tele_altar, uniq_sigmund

Skill      XL: |  1  2  3 |
---------------+----------+-----
Stealth        | 2 |  2.0
Spellcasting   | 3 |  3.6
Dodging        | |  2.6

Action                     |  1- 3 |  4- 6 || total
---------------------------+-------+-------++-------
  Melee: Dagger            |     3 |     5 ||     8
   Cast: Magic Dart        |   110 |    34 ||   144
 Armour: Robe              |     2 |       ||     2
  Dodge: Dodged            |    13 |       ||    13
